 Dungeon Crawl Stone Soup version 0.26-a0-712-ga5a9c9c9d0 (webtiles) character file.

Game seed: 474887289851029487

2 kae the Ruffian (level 1, -6/18 HPs)
             Began as a Naga Transmuter on Nov 4, 2020.
             Mangled by a hobgoblin
             ... wielding a +0 club
              (7 damage)
             ... on level 1 of the Dungeon.
             The game lasted 00:00:05 (77 turns).

kae the Ruffian (Naga Transmuter)                     Turns: 77, Time: 00:00:06

Health: -6/18      AC:  1    Str: 12    XL:     1   Next: 30%
Magic:  2/3        EV: 10    Int: 13    God:
Gold:   0          SH:  0    Dex: 11    Spells: 3/4 levels left

rFire    . . .     SeeInvis +     - Unarmed
rCold    . . .     Faith    .   (no shield)
rNeg     . . .     Spirit   .   a - +0 robe
rPois    +         Reflect  .   (helmet currently unavailable)
rElec    .         Harm     .   (no cloak)
rCorr    .         Rampage  .   (no gloves)
MR       .....                  (no barding)
Stlth    +.........             (no amulet)
HPRegen  0.06/turn              (no ring)
MPRegen  0.08/turn              (no ring)

@: appendages (expiring), very slow
A: large, horns 2, see invisible, deformed body, poison resistance, slowness 2,
spit poison 1, AC +0
a: Spit Poison, End Transformation


You were on level 1 of the Dungeon.
You had grown temporary horns.
You visited 1 branch of the dungeon, and saw 1 of its levels.

Inventory:

Armour
 a - a +0 robe (worn)
Scrolls
 b - a scroll of enchant armour {unknown}


   Skills:
 - Level 1.0 Fighting
 - Level 1.5 Dodging
 + Level 3.0 Unarmed Combat
 - Level 2.0 Spellcasting
 * Level 2.1 Transmutations


You had 3 spell levels left.
You knew the following spells:

 Your Spells              Type           Power        Failure   Level
a - Beastly Appendage     Tmut           #.....       11%         1

Your spell library contained the following spells:

 Spells                   Type           Power        Failure   Level
 Wereblood                Tmut           #.......     16%         2
 Spider Form              Tmut/Pois      #.........   45%         3
 Ice Form                 Ice/Tmut       #.......     86%         4
 Blade Hands              Tmut           #.........   96%         5


Dungeon Overview and Level Annotations

Branches:
Dungeon (1/15)

Altars:


Innate Abilities, Weirdness & Mutations

You cannot wear boots.
Your serpentine skin is tough. (AC +0)
You have supernaturally acute eyesight. (SInv)
Armour fits poorly on your strangely shaped body.
Your system is resistant to poisons. (rPois)
You cover ground very slowly.
You can spit poison.
You have a pair of horns on your head.


Message History

You are too injured to fight recklessly!
You are too injured to fight recklessly!
You barely miss the kobold. You headbutt the kobold.
You kill the kobold!
You have got your breath back.
You completely miss the hobgoblin. You barely miss the frilled lizard.
The hobgoblin barely misses you. The frilled lizard bites you.
You hit the frilled lizard. You headbutt the frilled lizard.
You kill the frilled lizard!
The hobgoblin hits you with a +0 club.
You hit the hobgoblin. You headbutt the hobgoblin.
The hobgoblin is almost dead.
Your transformation is almost over.
The goblin hits you with a +0 dagger. The hobgoblin hits you with a +0 club.
* * * LOW HITPOINT WARNING * * *
You closely miss the hobgoblin.
The hobgoblin is almost dead.
The goblin barely misses you. The hobgoblin hits you with a +0 club!
You die...

.###..##.......#
.###..###......#
.##...# #......##
.######
##....##..(.....#
.......
#....###........#
....... ....##
#........# .......
.####
#........##.....?.
##
.....>....#.......
.........@#.....$.
.........gg.......
###..######......
#.. ##### #.> ..


You could see a hobgoblin and a goblin.

Vanquished Creatures
  A kobold (D:1)
  A frilled lizard (D:1)
2 creatures vanquished.

Notes
Turn   | Place    | Note
-------+----------+-------------------------------------------
     0 | D:1      | kae the Naga Transmuter began the quest for the Orb.
     0 | D:1      | Reached XP level 1. HP: 18/18 MP: 3/3
    77 | D:1      | Mangled by a hobgoblin

Illustrated notes

Levels and vault maps discovered:
D:1:      dpeg_arrival_snail, layout_basic

Action                   || total
-------------------------++-------
Melee: Unarmed           ||     8
       Headbutt          ||     3
 Cast: Beastly Appendage ||     1
 Abil: Spit Poison       ||     1
Dodge: Dodged            ||     4

Table legend: (Time is in decaauts)
 A = Elapsed time spent in this place.
 B = Non-inter-level travel time spent in this place.
 C = Inter-level travel time spent in this place.
 D = Time resting spent in this place.
 E = Time spent auto-exploring this place.
 F = Levels seen in this place.
 G = Mean time per level.
                   A        B        C        D        E       F      G
               +--------+--------+--------+--------+--------+-----+--------+
         Total |    102 |    102 |      0 |      0 |     89 |   1 |  102.0 |
       Dungeon |    102 |    102 |      0 |      0 |     89 |   1 |  102.0 |
               +--------+--------+--------+--------+--------+-----+--------+

Top non-repeatable levels by time:
     D:1: 102 daAuts
